[Event "Titled Tuesday Blitz April 11 Early 2023"]
[White "Mouhamad, Joachim"]
[Black "MunichMouse"]
[WhiteFideId "656410"]
[WhiteElo "2125"]
[BlackElo "2311"]
[Result "1-0"]
[Round "09"]
[TimeControl "180+2"]
[Date "2023.04.11"]
[WhiteClock "0:00:18"]
[BlackClock "0:00:01"]

1. e4 c5 2. Nf3 d6 3. d4 cxd4 4. Nxd4 Nf6 5. Nc3 a6 6. f3 e5 7. Nb3 Be6 8. Be3 Be7 9. Qd2 d5 10. exd5 Nxd5 11. Nxd5 Qxd5 12. Qxd5 Bxd5 13. c4 Bc6 14. Na5 O-O 15. Nxc6 Nxc6 16. Bd3 Rfd8 17. Be4 Bb4+ 18. Ke2 Nd4+ 19. Bxd4 Rxd4 20. Rhd1 Rad8 21. Rxd4 Rxd4 22. Rd1 Rxd1 23. Kxd1 b6 24. a3 Bc5 25. b4 Bd4 26. Kc2 Kf8 27. Kb3 g6 28. Bb7 a5 29. bxa5 bxa5 30. Ka4 Bc5 31. Kxa5 Bxa3 32. Kb6 Ke7 33. c5 Kd8 34. Bd5 f6 35. Bg8 h6 36. Bh7 g5 37. Bf5 Bb4 38. Kc6 Ke7 39. Kb6 Kd8 40. Kc6 Ke7 41. Kb5 Ba3 42. Kc4 Bb2 43. Kd5 Ba3 44. Bc8 Bb4 45. Kc4 Ba3 46. Bg4 Bb2 47. Kd5 Ba3 48. c6 Bd6 49. Ke4 Bc7 50. h3 Bd8 51. Bc8 h5 52. g3 h4 53. gxh4 gxh4 54. Kf5 Kd6 55. Bd7 Kc7 56. Be8 Kd6 57. Kg4 1-0


[Site "https://www.chess.com"]

[Event "Titled Tuesday Blitz April 11 Early 2023"]
[White "Mordechai, Hanan"]
[Black "Kohler, Aran"]
[WhiteFideId "2804166"]
[BlackFideId "1002856"]
[WhiteElo "2324"]
[BlackElo "2303"]
[Result "1/2-1/2"]
[Round "09"]
[TimeControl "180+2"]
[Date "2023.04.11"]
[WhiteClock "0:00:07"]
[BlackClock "0:00:03"]

1. e4 c6 2. d4 d5 3. exd5 cxd5 4. Bd3 Nc6 5. c3 Nf6 6. h3 a6 7. Nf3 g6 8. O-O Bg7 9. Bf4 O-O 10. Nbd2 Bf5 11. Bxf5 gxf5 12. Re1 e6 13. Nf1 Ne4 14. Qd3 b5 15. Ne5 Nxe5 16. Bxe5 Bxe5 17. dxe5 Qc7 18. f3 Nc5 19. Qe3 Kh8 20. Rad1 Nd7 21. Rd4 Rg8 22. Qh6 Rg6 23. Qe3 Rag8 24. Rd2 Qc5 25. Kh2 Qc4 26. b3 Qh4 27. Ree2 Qg5 28. Qxg5 Rxg5 29. f4 R5g7 30. c4 bxc4 31. bxc4 Nb6 32. Ne3 Nxc4 33. Nxc4 dxc4 34. Rd6 a5 35. Rc6 Rg3 36. Rxc4 Ra3 37. Rc7 Kg7 38. Rd2 Rf8 39. Ra7 Kg6 40. g3 Rc8 41. h4 h6 42. Kh3 Rcc3 43. Rg2 Rf3 44. Ra8 Rxf4 45. Rg8+ Kh7 46. Rf8 Kg7 47. Rb8 Re4 48. Rb5 Ree3 49. Kh2 h5 50. Rg1 Rxa2+ 51. Rg2 Ree2 52. Rxe2 Rxe2+ 53. Kh3 Ra2 54. Rc5 a4 55. Ra5 a3 56. Ra8 f6 57. Ra7+ Kg6 58. exf6 Kxf6 59. Ra6 Ke5 60. Ra5+ Ke4 61. Ra6 e5 62. Ra4+ Ke3 63. g4 hxg4+ 64. Kg3 f4+ 65. Kxg4 Rg2+ 66. Kh3 Rg3+ 67. Kh2 Ke2 68. Re4+ Kf3 69. Rxe5 Rg2+ 70. Kh3 Rb2 71. Ra5 a2 72. Ra3+ Ke4 73. h5 f3 74. Kg3 Rg2+ 75. Kh3 Rg5 76. Kh4 f2 77. Ra4+ Ke3 78. Ra3+ Kd4 79. Ra4+ Kc3 80. Kxg5 f1=Q 81. Rxa2 Qg1+ 82. Kh6 Qe3+ 83. Kg6 Qe6+ 84. Kg7 Qxa2 85. h6 Qg2+ 86. Kh8 Qh3 87. h7 Qxh7+ 88. Kxh7 1/2-1/2


[Site "https://www.chess.com"]

[Event "Titled Tuesday Blitz April 11 Early 2023"]
[White "Yosha_Iglesias"]
[Black "Fajdetic, Hrvoje"]
[BlackFideId "14501945"]
[WhiteElo "2449"]
[BlackElo "2185"]
[Result "0-1"]
[Round "09"]
[TimeControl "180+2"]
[Date "2023.04.11"]
[WhiteClock "0:00:05"]
[BlackClock "0:00:14"]

1. d4 e6 2. Nf3 f5 3. Nc3 Nf6 4. Bg5 d5 5. e3 Be7 6. Ne2 O-O 7. Nf4 c5 8. c3 Nc6 9. Nd3 Ne4 10. Bxe7 Qxe7 11. Be2 b6 12. O-O Ba6 13. Nfe5 Nd8 14. f3 Bxd3 15. Bxd3 Nd6 16. Qd2 N8f7 17. f4 Nxe5 18. fxe5 Ne4 19. Bxe4 fxe4 20. g3 Rxf1+ 21. Rxf1 Rf8 22. Rxf8+ Qxf8 23. Qf2 Qxf2+ 24. Kxf2 h5 25. dxc5 bxc5 26. b4 cxb4 27. cxb4 Kf7 28. b5 Ke7 29. Ke2 Kd7 30. Kd2 Kc7 31. Kc3 Kb6 32. Kb4 a6 33. a4 axb5 34. axb5 g5 35. h3 h4 36. g4 Kb7 37. Kc5 Kc7 38. b6+ Kb7 39. Kb5 d4 40. exd4 e3 41. d5 e2 42. d6 e1=Q 43. d7 Qd2 0-1


[Site "https://www.chess.com"]

[Event "Titled Tuesday Blitz April 11 Early 2023"]
[White "Chandreyee, Hajra"]
[Black "Skaric, Djuro"]
[WhiteFideId "5056535"]
[BlackFideId "934569"]
[WhiteElo "1725"]
[BlackElo "2282"]
[Result "1-0"]
[Round "09"]
[TimeControl "180+2"]
[Date "2023.04.11"]
[WhiteClock "0:01:07"]
[BlackClock "0:01:23"]

1. e4 d6 2. d4 g6 3. Nc3 Bg7 4. Be3 Nc6 5. Qd2 e5 6. Nf3 h6 7. O-O-O Nge7 8. dxe5 dxe5 9. Qxd8+ Nxd8 10. Nb5 Ne6 11. Bc4 c6 12. Nd6+ Kf8 13. Bxe6 fxe6 14. Nc4 g5 15. Rd8+ Kf7 16. Ncxe5+ Kf6 17. Rxh8 Bxh8 18. Bd4 c5 19. Bc3 g4 20. Nxg4+ Kg6 21. Bxh8 Nc6 22. Nge5+ Kh7 23. Nxc6 bxc6 24. Be5 Ba6 25. Rd1 1-0


[Site "https://www.chess.com"]

[Event "Titled Tuesday Blitz April 11 Early 2023"]
[White "Schuh, Karsten"]
[Black "mohsengabr2002"]
[WhiteFideId "4637950"]
[WhiteElo "2138"]
[BlackElo "2425"]
[Result "0-1"]
[Round "09"]
[TimeControl "180+2"]
[Date "2023.04.11"]
[WhiteClock "0:00:01"]
[BlackClock "0:00:35"]

1. Nf3 d5 2. c4 c6 3. b3 e6 4. Bb2 f5 5. d3 Nf6 6. g3 Bd6 7. Bg2 O-O 8. O-O Nbd7 9. Nbd2 e5 10. cxd5 cxd5 11. e4 fxe4 12. dxe4 d4 13. Nc4 Qe7 14. Qc2 b5 15. Nxd6 Qxd6 16. Nh4 g6 17. a4 b4 18. Rac1 Ba6 19. Rfd1 Rac8 20. Qd2 Bb7 21. Re1 a5 22. Qg5 Qe6 23. Nf5 Kh8 24. Nh4 Ng8 25. Rxc8 Rxc8 26. Bc1 Qf6 27. Qd2 Rc3 28. Qd1 Qe6 29. Bg5 h6 30. Bd2 Rxb3 31. Nxg6+ Kg7 32. Nh4 Ra3 33. Nf5+ Kh7 34. Bc1 Rc3 35. Qh5 Qg6 36. Qh4 Ndf6 37. Nd6 Bc6 38. Nf5 Bxa4 39. Qh3 Bd7 40. Qh4 b3 41. Nxh6 Nxh6 0-1


[Site "https://www.chess.com"]

[Event "Titled Tuesday Blitz April 11 Early 2023"]
[White "Chabris, Christopher"]
[Black "Bas Mas, Jose Joaquin"]
[WhiteFideId "2005263"]
[BlackFideId "22219064"]
[WhiteElo "2285"]
[BlackElo "2233"]
[Result "0-1"]
[Round "09"]
[TimeControl "180+2"]
[Date "2023.04.11"]
[WhiteClock "0:00:02"]
[BlackClock "0:01:01"]

1. e4 e6 2. d4 d5 3. Nc3 Nf6 4. e5 Nfd7 5. f4 c5 6. Nf3 Nc6 7. Be3 Be7 8. Be2 O-O 9. O-O a6 10. Qd2 b5 11. a3 Qc7 12. Nd1 f6 13. c3 cxd4 14. cxd4 Nb6 15. b3 Bd7 16. Nb2 Rac8 17. Nd3 Be8 18. Rfc1 Bh5 19. Nc5 Bxc5 20. Rxc5 Nd7 21. Rc2 Qb6 22. h3 Bxf3 23. Bxf3 Na5 24. Qd3 Rxc2 25. Qxc2 fxe5 26. fxe5 Nxe5 27. Be2 Nac6 28. Qd2 Ng6 29. Rc1 Nce7 30. Bd3 Nf5 31. Bf2 Qd6 32. Qg5 Qf4 33. Qxf4 Nxf4 0-1


[Site "https://www.chess.com"]

[Event "Titled Tuesday Blitz April 11 Early 2023"]
[White "Saiz Rodriguez, Daniel Evelio"]
[Black "Sargissyan, Sargis"]
[WhiteFideId "3523420"]
[BlackFideId "13303210"]
[WhiteElo "2208"]
[BlackElo "2109"]
[Result "0-1"]
[Round "09"]
[TimeControl "180+2"]
[Date "2023.04.11"]
[WhiteClock "0:00:01"]
[BlackClock "0:00:21"]

1. e4 c5 2. Nf3 d6 3. Bb5+ Nd7 4. Ba4 Nf6 5. Qe2 a6 6. c4 e5 7. Nc3 Be7 8. d3 O-O 9. O-O Nb8 10. Bg5 Nc6 11. h3 Nh5 12. Bxe7 Nxe7 13. Qe3 Nf4 14. Ne2 Neg6 15. Nh2 f5 16. Nxf4 Nxf4 17. Kh1 Qg5 18. g3 Nxh3 19. Qxg5 Nxg5 20. f4 exf4 21. gxf4 Ne6 22. e5 dxe5 23. fxe5 Rb8 24. a3 b5 25. cxb5 Bb7+ 26. Kg1 Ng5 27. Rfc1 axb5 28. Bxb5 f4 29. Rxc5 f3 30. Kf2 Nh3+ 31. Kg3 Nf4 32. Bc4+ Kh8 33. Nxf3 Nxd3 34. Bxd3 Rxf3+ 35. Kg4 Rxd3 36. Rac1 Rf8 0-1


[Site "https://www.chess.com"]

[Event "Titled Tuesday Blitz April 11 Early 2023"]
[White "Toktomushev, Teimur"]
[Black "Barwinska, Ewa"]
[WhiteFideId "14176726"]
[BlackFideId "21833761"]
[WhiteElo "2116"]
[BlackElo "1908"]
[Result "1-0"]
[Round "09"]
[TimeControl "180+2"]
[Date "2023.04.11"]
[WhiteClock "0:00:10"]
[BlackClock "0:00:05"]

1. d4 d5 2. c4 c6 3. Nc3 Nf6 4. e3 e6 5. Nf3 Bd6 6. Bd3 O-O 7. O-O Nbd7 8. e4 dxe4 9. Nxe4 Nxe4 10. Bxe4 Nf6 11. Bc2 h6 12. Re1 c5 13. h3 b6 14. Be3 Bb7 15. b3 Qc7 16. Qe2 Rfd8 17. Rad1 Rac8 18. Rd2 Bf4 19. Red1 cxd4 20. Rxd4 Bxe3 21. Qxe3 Rxd4 22. Rxd4 Rd8 23. Ne5 Nd5 24. cxd5 Qxc2 25. dxe6 Rxd4 26. exf7+ Kf8 27. Qxd4 Qc1+ 28. Kh2 Qc7 29. f4 Qe7 30. a4 g5 31. Ng6+ Kxf7 32. Nxe7 Kxe7 33. Qg7+ Kd6 34. Qxb7 Kc5 35. Qxa7 1-0


[Site "https://www.chess.com"]

[Event "Titled Tuesday Blitz April 11 Early 2023"]
[White "lluiss"]
[Black "Gracia Alvarez, Gerardo Antonio"]
[BlackFideId "5109124"]
[WhiteElo "2271"]
[BlackElo "2160"]
[Result "0-1"]
[Round "09"]
[TimeControl "180+2"]
[Date "2023.04.11"]
[WhiteClock "0:00:03"]
[BlackClock "0:01:07"]

1. c4 e5 2. Nc3 Nf6 3. Nf3 e4 4. Ng5 c6 5. Ngxe4 Nxe4 6. Nxe4 d5 7. cxd5 cxd5 8. Nc3 d4 9. Ne4 Be6 10. d3 Bb4+ 11. Bd2 Be7 12. Qa4+ Nc6 13. Rc1 O-O 14. h4 h6 15. Nc5 Bd5 16. b4 Ne5 17. Ne4 f5 18. Nc5 Bd6 19. b5 Qf6 20. Nb3 Rfe8 21. Qxd4 Bxb3 22. Bc3 Bxa2 23. f4 Ng4 24. Qxf6 Nxf6 25. Bxf6 gxf6 26. Kd2 Bb4+ 27. Kd1 Bb3+ 0-1


[Site "https://www.chess.com"]

[Event "Titled Tuesday Blitz April 11 Early 2023"]
[White "FuenfgegenWilly"]
[Black "Kabilov, Amin"]
[BlackFideId "14700859"]
[WhiteElo "2252"]
[BlackElo "2110"]
[Result "0-1"]
[Round "09"]
[TimeControl "180+2"]
[Date "2023.04.11"]
[WhiteClock "0:01:00"]
[BlackClock "0:00:42"]

1. Nf3 Nf6 2. e3 g6 3. b3 Bg7 4. Bb2 O-O 5. c4 c5 6. g3 b6 7. Bg2 Bb7 8. O-O d5 9. cxd5 Nxd5 10. Bxg7 Kxg7 11. d4 Nd7 12. Qc1 cxd4 13. Nxd4 Rc8 14. Qb2 N7f6 15. Na3 Qd7 16. Rfd1 Nc3 17. Rdc1 Bxg2 18. Kxg2 Qb7+ 19. Kg1 Nce4 20. Nc4 Ng5 21. h4 Nh3+ 22. Kh2 Nxf2 23. Rf1 N6g4+ 0-1


[Site "https://www.chess.com"]

[Event "Titled Tuesday Blitz April 11 Early 2023"]
[White "Dylag, Emilia"]
[Black "Marcziter, Dmitrii"]
[WhiteFideId "21805172"]
[BlackFideId "13900765"]
[WhiteElo "1878"]
[BlackElo "2162"]
[Result "0-1"]
[Round "09"]
[TimeControl "180+2"]
[Date "2023.04.11"]
[WhiteClock "0:01:10"]
[BlackClock "0:00:37"]

1. d4 Nf6 2. c4 g6 3. g3 Bg7 4. Bg2 O-O 5. Nf3 d5 6. O-O dxc4 7. Qc2 Nc6 8. Qxc4 Be6 9. Qb5 Nxd4 10. Nxd4 Qxd4 11. Be3 Qc4 12. Qxc4 Bxc4 13. Nc3 c6 14. Rac1 Be6 15. Na4 Bxa2 16. Bc5 Rfe8 17. Rfd1 Bd5 18. Bxd5 Nxd5 19. e4 Nf6 20. f3 e6 21. Bb4 Rad8 22. g4 h6 23. h4 Nd7 24. Ba5 b6 25. Rxc6 Ne5 26. Rxd8 Rxd8 27. Rc7 bxa5 28. Rxa7 Nxf3+ 29. Kg2 Nd2 30. Rxa5 Nxe4 31. b4 Rd2+ 32. Kf3 f5 33. Ra7 Be5 34. Nb6 Rd3+ 35. Ke2 Rb3 36. Nd7 Bd4 37. Ra8+ Kf7 38. gxf5 gxf5 39. Rb8 Ke7 40. Nf8 Nd6 41. Ng6+ Kf6 42. Nf4 Ke5 43. Nd3+ Ke4 44. Nc1 Rb2+ 45. Kd1 Nc4 46. Rc8 Ne3+ 47. Ke1 Rxb4 48. Kd2 Rb2+ 49. Ke1 Ng2+ 50. Kf1 Nxh4 51. Rc4 Rf2+ 52. Ke1 Nf3+ 53. Kd1 Rd2# 0-1


[Site "https://www.chess.com"]

[Event "Titled Tuesday Blitz April 11 Early 2023"]
[White "lolliNOPE"]
[Black "Gheorghiu, Calin"]
[BlackFideId "1200305"]
[WhiteElo "2169"]
[BlackElo "2223"]
[Result "1-0"]
[Round "09"]
[TimeControl "180+2"]
[Date "2023.04.11"]
[WhiteClock "0:00:23"]
[BlackClock "0:00:02"]

1. e4 c5 2. Nf3 d6 3. d4 cxd4 4. Nxd4 Nf6 5. Nc3 a6 6. Bg5 e6 7. f4 Be7 8. Qf3 Qc7 9. O-O-O Nbd7 10. g4 b5 11. Bxf6 gxf6 12. Bd3 Bb7 13. h4 b4 14. Nce2 Rc8 15. Kb1 Nb6 16. g5 Na4 17. Qh5 Nc5 18. Ng3 Qb6 19. f5 e5 20. Ne6 Nxd3 21. Rxd3 Qf2 22. Rc1 fxg5 23. hxg5 Rg8 24. f6 Rg6 25. Qxh7 Bf8 26. Nxf8 Kxf8 27. Nf5 Bxe4 28. Nxd6 Bxd3 29. Qxf7# 1-0


[Site "https://www.chess.com"]

[Event "Titled Tuesday Blitz April 11 Early 2023"]
[White "Sailer, Mike"]
[Black "Krzywda, Andrzej"]
[WhiteFideId "2012901"]
[BlackFideId "1114565"]
[WhiteElo "2109"]
[BlackElo "2155"]
[Result "1-0"]
[Round "09"]
[TimeControl "180+2"]
[Date "2023.04.11"]
[WhiteClock "0:00:56"]
[BlackClock "0:00:35"]

1. d4 d5 2. Bg5 h6 3. Bh4 c5 4. dxc5 Qa5+ 5. Nc3 e6 6. e4 dxe4 7. b4 Qc7 8. Nb5 Qd7 9. Qxd7+ Kxd7 10. O-O-O+ Kc6 11. Nd4+ Kd5 12. Ndf3+ Kc6 13. Ne5+ Kc7 14. Bd8# 1-0


[Site "https://www.chess.com"]

[Event "Titled Tuesday Blitz April 11 Early 2023"]
[White "Inepton_Fermion"]
[Black "Aung Thant Zin"]
[BlackFideId "13000063"]
[WhiteElo "2379"]
[BlackElo "2278"]
[Result "0-1"]
[Round "09"]
[TimeControl "180+2"]
[Date "2023.04.11"]
[WhiteClock "0:00:04"]
[BlackClock "0:00:47"]

1. e4 c5 2. Nf3 Nc6 3. d4 cxd4 4. Nxd4 Nf6 5. Nc3 d6 6. Bg5 e6 7. Qd2 a6 8. O-O-O h6 9. Bh4 Nxe4 10. Nxe4 Qxh4 11. Nxc6 Qxe4 12. Nd4 Be7 13. Kb1 Bd7 14. Nb3 O-O 15. Bd3 Qa4 16. h4 d5 17. g4 e5 18. f3 Rad8 19. g5 h5 20. g6 e4 21. fxe4 dxe4 22. gxf7+ Rxf7 23. Be2 Bg4 24. Qe3 Bxe2 25. Qxe2 Rxd1+ 26. Rxd1 g6 27. Rg1 Kh7 28. Nd2 Qd4 29. Rd1 Rf2 30. Qxe4 Qd7 31. Re1 Bf6 32. Nf3 Qc6 33. Qxc6 bxc6 34. Ng5+ Kg7 35. a4 Bxg5 36. hxg5 Rf5 37. Re7+ Kf8 38. Re6 Rxg5 39. Rxc6 h4 40. Rxa6 h3 41. Ra8+ Kg7 42. Ra7+ Kf6 43. Rh7 Rh5 44. Rd7 h2 45. Rd1 h1=Q 46. Rxh1 Rxh1+ 47. Ka2 g5 48. a5 g4 49. a6 g3 50. a7 Rh8 0-1


[Site "https://www.chess.com"]

[Event "Titled Tuesday Blitz April 11 Early 2023"]
[White "MANOJ_MISHRA123"]
[Black "Balint, Vilmos"]
[BlackFideId "718050"]
[WhiteElo "2124"]
[BlackElo "2034"]
[Result "0-1"]
[Round "09"]
[TimeControl "180+2"]
[Date "2023.04.11"]
[WhiteClock "0:00:07"]
[BlackClock "0:01:45"]

1. d4 Nf6 2. Bg5 d5 3. e3 e6 4. Bd3 Nbd7 5. f4 c5 6. c3 b6 7. Nf3 h6 8. Bh4 Be7 9. Nbd2 Bb7 10. Ne5 O-O 11. Qf3 Ne8 12. Bxe7 Qxe7 13. O-O Rc8 14. Qh3 Nd6 15. Qf3 Nf6 16. g4 Nfe4 17. Rad1 Qh4 18. Bxe4 dxe4 19. Qf2 Qxf2+ 20. Kxf2 Ba6 21. Rg1 f6 22. Ng6 Rfd8 23. Ne7+ Kf7 24. Nxc8 Nxc8 25. Nxe4 c4 26. g5 hxg5 27. fxg5 Bb7 28. Nd2 f5 29. Nxc4 Rh8 30. Ne5+ Ke8 31. Kg3 Be4 32. h4 Nd6 33. Rdf1 Nb5 34. Ng6 Rh7 35. a4 Nc7 36. Ra1 Nd5 37. a5 Nxe3 38. axb6 axb6 39. Ra8+ Bxa8 40. Ra1 Bd5 41. Ra7 Nc4 42. Kf4 Nxb2 43. Ke5 Kd8 44. Rf7 Nc4+ 45. Kf4 e5+ 46. dxe5 Bxf7 47. Kxf5 Bxg6+ 48. Kxg6 Rxh4 49. Kxg7 Nxe5 50. Kf6 Nd7+ 51. Kf7 Rc4 52. g6 Ne5+ 53. Kf6 Nxg6 54. Kxg6 Rxc3 55. Kf5 Rc8 56. Ke5 b5 57. Kd4 b4 0-1


[Site "https://www.chess.com"]

[Event "Titled Tuesday Blitz April 11 Early 2023"]
[White "Baches Garcia, Guillermo"]
[Black "Jarocka, Liwia"]
[WhiteFideId "2209764"]
[BlackFideId "21807558"]
[WhiteElo "2439"]
[BlackElo "2013"]
[Result "1-0"]
[Round "09"]
[TimeControl "180+2"]
[Date "2023.04.11"]
[WhiteClock "0:00:08"]
[BlackClock "0:00:02"]

1. e4 c5 2. Nf3 Nc6 3. d4 cxd4 4. Nxd4 Nf6 5. Nc3 e6 6. Nxc6 bxc6 7. e5 Nd5 8. Ne4 Qc7 9. f4 Qb6 10. c4 Bb4+ 11. Ke2 Ba6 12. Kf3 Ne7 13. Be3 c5 14. a3 Bb7 15. axb4 Qxb4 16. Qd2 f5 17. exf6 gxf6 18. Qxb4 cxb4 19. Rxa7 Rxa7 20. Bxa7 f5 21. Bd3 Rg8 22. g3 fxe4+ 23. Bxe4 Bxe4+ 24. Kxe4 Nc6 25. Be3 h5 26. Ra1 Kf7 27. Bf2 Rb8 28. b3 Rd8 29. Ra6 Ne7 30. Bb6 Rc8 31. Bd4 Nc6 32. Be3 Rg8 33. Rb6 h4 34. Bf2 hxg3 35. hxg3 Rg4 36. Rb7 Ke8 37. Kf3 Rg8 38. Bc5 Rh8 39. Bxb4 Rh1 40. Bd6 Rb1 41. b4 Rb3+ 42. Kg4 Nd4 43. b5 Nf5 44. Be5 Rxg3+ 45. Kh5 Rh3+ 46. Kg4 Rg3+ 47. Kh5 Rh3+ 48. Kg6 Rh6+ 49. Kg5 Rh1 50. b6 Rg1+ 51. Kf6 d6 52. Kxe6 dxe5 53. Rb8# 1-0


[Site "https://www.chess.com"]

[Event "Titled Tuesday Blitz April 11 Early 2023"]
[White "Andrews, Todd"]
[Black "Halldorsson, Halldor"]
[WhiteFideId "2012456"]
[BlackFideId "2301369"]
[WhiteElo "2333"]
[BlackElo "2190"]
[Result "1-0"]
[Round "09"]
[TimeControl "180+2"]
[Date "2023.04.11"]
[WhiteClock "0:01:57"]
[BlackClock "0:02:26"]

1. e4 c5 2. Nf3 d6 3. d4 cxd4 4. Nxd4 Nf6 5. Nc3 a6 6. Bc4 b5 7. Bb3 e6 8. Be3 b4 9. Na4 Bd7 10. a3 Nc6 11. axb4 Nxd4 12. Qxd4 Rb8 13. O-O Bc6 14. Nc3 Qc8 15. f4 Be7 16. e5 dxe5 17. fxe5 Nd5 18. Nxd5 Bxd5 19. Bxd5 exd5 20. Qxd5 Rxb4 21. Qxf7+ 1-0


[Site "https://www.chess.com"]

[Event "Titled Tuesday Blitz April 11 Early 2023"]
[White "Qashashvili, Alexandre"]
[Black "Manon-og, Ramon Jr."]
[WhiteFideId "13600842"]
[BlackFideId "5200776"]
[WhiteElo "2405"]
[BlackElo "2391"]
[Result "0-1"]
[Round "09"]
[TimeControl "180+2"]
[Date "2023.04.11"]
[WhiteClock "0:00:02"]
[BlackClock "0:00:05"]

1. e4 c5 2. Nc3 d6 3. Nf3 Nf6 4. Bb5+ Nbd7 5. d3 g6 6. Be3 Bg7 7. Qd2 O-O 8. Bxd7 Bxd7 9. Bh6 Bg4 10. Bxg7 Kxg7 11. Qe3 Rb8 12. a4 a6 13. h3 Bd7 14. h4 Ng4 15. Qd2 b5 16. axb5 axb5 17. h5 Ra8 18. Rd1 h6 19. hxg6 fxg6 20. Nd5 Be6 21. Ne3 h5 22. Nxg4 Bxg4 23. Ng5 Rf6 24. f3 Bd7 25. O-O Qb6 26. Qe3 Ra2 27. e5 dxe5 28. Qxe5 Qd6 29. Qxd6 exd6 30. Rde1 Rf5 31. Re7+ Kf8 32. Rxd7 Rxg5 33. Rxd6 Rxb2 34. Rf2 b4 35. Rd7 Kg8 36. Re2 Kf8 37. Kf2 h4 38. Rh7 Rh5 39. Rxh5 gxh5 40. Ke3 Kf7 41. Kf4 b3 42. Re5 Rxc2 43. Rxh5 b2 44. Rh7+ Ke6 45. Rb7 Rxg2 46. Ke4 h3 47. Rb6+ Ke7 0-1


[Site "https://www.chess.com"]

[Event "Titled Tuesday Blitz April 11 Early 2023"]
[White "Tarasova, Viktoriya"]
[Black "Biriukov, Ilja"]
[WhiteFideId "4175840"]
[BlackFideId "4113373"]
[WhiteElo "2182"]
[BlackElo "2426"]
[Result "1/2-1/2"]
[Round "09"]
[TimeControl "180+2"]
[Date "2023.04.11"]
[WhiteClock "0:00:43"]
[BlackClock "0:01:01"]

1. d4 Nf6 2. c4 g6 3. Nc3 Bg7 4. e4 d6 5. h3 O-O 6. Be3 Nbd7 7. Be2 e5 8. d5 a5 9. g4 Nc5 10. Qc2 b6 11. O-O-O Ne8 12. f3 f5 13. gxf5 gxf5 14. h4 f4 15. Bf2 Kh8 16. Bf1 Bd7 17. Bh3 Rg8 18. Bxd7 Qxd7 19. Nge2 Bf6 20. Rdg1 Qe7 21. Rxg8+ Kxg8 22. Kd2 Kh8 23. Nc1 Ng7 24. h5 Rg8 25. Qd1 Ne8 26. Qf1 Bg5 27. Nd3 Nf6 28. Nxc5 dxc5 29. Qh3 Ne8 30. Rg1 Nd6 31. b3 Bf6 32. Rxg8+ Kxg8 33. a4 Kf7 34. Ke2 Ke8 35. Nb5 Nxb5 36. axb5 Qd7 37. Qg2 Qg7 38. Qh3 Qd7 39. Qg2 Qg7 40. Qh3 Qd7 1/2-1/2


[Site "https://www.chess.com"]

[Event "Titled Tuesday Blitz April 11 Early 2023"]
[White "Sliwicki, Damian"]
[Black "Makhmudov, Shukhrat"]
[WhiteFideId "1127128"]
[BlackFideId "14200775"]
[WhiteElo "2030"]
[BlackElo "2135"]
[Result "0-1"]
[Round "09"]
[TimeControl "180+2"]
[Date "2023.04.11"]
[WhiteClock "0:00:22"]
[BlackClock "0:00:37"]

1. e4 e5 2. Nf3 Nc6 3. d4 exd4 4. Bc4 Nf6 5. O-O Nxe4 6. Re1 d5 7. Bxd5 Qxd5 8. Nc3 Qa5 9. Nxe4 Be6 10. Bd2 Qf5 11. Bg5 h6 12. Bh4 Bb4 13. Nxd4 Nxd4 14. Qxd4 Bxe1 15. Qxg7 Qxe4 16. Qxh8+ Kd7 17. Qxa8 Bd5 18. Qd8+ Kc6 19. Qf6+ Kb5 20. b3 Qxg2# 0-1


[Site "https://www.chess.com"]

[Event "Titled Tuesday Blitz April 11 Early 2023"]
[White "Zampronha, Wladimir Camilo"]
[Black "Derichs, Roger"]
[WhiteFideId "2103087"]
[BlackFideId "4630076"]
[WhiteElo "2176"]
[BlackElo "2372"]
[Result "1-0"]
[Round "09"]
[TimeControl "180+2"]
[Date "2023.04.11"]
[WhiteClock "0:02:12"]
[BlackClock "0:02:44"]

1. e4 e6 2. d4 d5 3. Nc3 Bb4 4. e5 c5 5. a3 Bxc3+ 6. bxc3 Nc6 7. Qg4 g6 8. Nf3 Qa5 9. Bd2 c4 10. Qf4 h6 11. g3 Bd7 12. Bh3 Nge7 13. O-O O-O 14. Qxh6 1-0


[Site "https://www.chess.com"]

[Event "Titled Tuesday Blitz April 11 Early 2023"]
[White "Buscar, Michael"]
[Black "Albuquerque Junior,Wellington S."]
[WhiteFideId "2603616"]
[BlackFideId "2151480"]
[WhiteElo "2010"]
[BlackElo "2109"]
[Result "1/2-1/2"]
[Round "09"]
[TimeControl "180+2"]
[Date "2023.04.11"]
[WhiteClock "0:01:08"]
[BlackClock "0:00:18"]

1. d4 Nf6 2. c4 c5 3. d5 b5 4. cxb5 a6 5. bxa6 g6 6. g3 Bg7 7. Bg2 d6 8. Nf3 O-O 9. Nfd2 Qa5 10. O-O Nxa6 11. Nc4 Qc7 12. Bd2 Bf5 13. Bc3 Nb4 14. Bxb4 cxb4 15. Nbd2 Rfc8 16. Qb3 Bd7 17. Qe3 Ng4 18. Qxe7 Re8 19. Qxd6 Qxd6 20. Nxd6 Rxe2 21. N6c4 Bd4 22. Bf3 Rxf2 23. Rxf2 Nxf2 24. Nb3 Ba7 25. Kg2 Bh3+ 26. Kg1 Ng4+ 27. Kh1 Nf2+ 28. Kg1 Ne4+ 29. Kh1 Nf2+ 30. Kg1 1/2-1/2


[Site "https://www.chess.com"]

[Event "Titled Tuesday Blitz April 11 Early 2023"]
[White "Sohier, Julien"]
[Black "KorolDimitriy75"]
[WhiteFideId "645346"]
[WhiteElo "2209"]
[BlackElo "2352"]
[Result "0-1"]
[Round "09"]
[TimeControl "180+2"]
[Date "2023.04.11"]
[WhiteClock "0:01:09"]
[BlackClock "0:00:14"]

1. e4 c5 2. Nc3 g6 3. d4 cxd4 4. Qxd4 Nf6 5. Be3 Nc6 6. Qd2 Bg7 7. f3 O-O 8. O-O-O Qa5 9. Kb1 d6 10. h4 Be6 11. Nge2 Rfc8 12. Nf4 Ne5 13. Nxe6 fxe6 14. Bd4 Rab8 15. Nd5 Qxd2 16. Nxf6+ Bxf6 17. Rxd2 b6 18. f4 Ng4 19. Bxf6 Nxf6 20. Bd3 Rc5 21. g3 e5 22. b4 Rc3 23. fxe5 dxe5 24. Kb2 Rbc8 25. a3 Kg7 26. Rg1 h5 27. Rf2 R8c7 28. Rgf1 a5 29. bxa5 bxa5 30. a4 R3c5 31. Rb1 Rd7 32. Ka2 Rd4 33. Ka3 Nxe4 34. Bxe4 Rxe4 35. Rbf1 Rc3+ 36. Kb2 Rxg3 37. Rf7+ Kh6 38. Rxe7 Rxh4 39. Rff7 Rxa4 40. Rxe5 h4 41. Rf8 g5 42. Ra8 h3 43. Re6+ Kh5 44. Rh8+ Kg4 45. Reh6 Rb4+ 46. Kc1 a4 47. Ra6 a3 48. Ra5 Rf4 49. Rg8 Rf5 0-1


[Site "https://www.chess.com"]

[Event "Titled Tuesday Blitz April 11 Early 2023"]
[White "Palencia Morales, Wilson Guillermo"]
[Black "Necula, Iulian"]
[WhiteFideId "4401859"]
[BlackFideId "1232380"]
[WhiteElo "2139"]
[BlackElo "1790"]
[Result "1-0"]
[Round "09"]
[TimeControl "180+2"]
[Date "2023.04.11"]
[WhiteClock "0:02:23"]
[BlackClock "0:02:07"]

1. e4 d6 2. d4 Nf6 3. Nc3 e5 4. dxe5 dxe5 5. Qxd8+ Kxd8 6. Bc4 Be6 7. Bxe6 fxe6 8. f3 Bd6 9. Be3 Nbd7 10. O-O-O a6 11. Nh3 Ke7 12. g3 h6 13. f4 Ng4 14. Kd2 Nxe3 15. Kxe3 Bc5+ 16. Ke2 Bd4 17. f5 exf5 18. Nd5+ Kd6 19. c3 c6 20. cxd4 cxd5 21. dxe5+ Kxe5 22. Rxd5+ Kxe4 23. Rhd1 1-0


[Site "https://www.chess.com"]

[Event "Titled Tuesday Blitz April 11 Early 2023"]
[White "Estrada Nieto, Julian"]
[Black "Warchol, Kamil"]
[WhiteFideId "5101018"]
[BlackFideId "21858241"]
[WhiteElo "2161"]
[BlackElo "2017"]
[Result "1-0"]
[Round "09"]
[TimeControl "180+2"]
[Date "2023.04.11"]
[WhiteClock "0:00:37"]
[BlackClock "0:00:01"]

1. e4 c5 2. Nf3 e6 3. c3 Nf6 4. e5 Nd5 5. Bc4 Nc6 6. d4 cxd4 7. cxd4 d6 8. O-O Be7 9. Qe2 O-O 10. Rd1 h6 11. Qe4 Ndb4 12. exd6 Bxd6 13. Nc3 Ne7 14. Ne5 Bc7 15. Bf4 Nbd5 16. Bg3 f5 17. Qd3 Nxc3 18. bxc3 f4 19. Bh4 g5 20. Ng6 Rf6 21. Nxe7+ Qxe7 22. d5 exd5 23. Bxd5+ Be6 24. Re1 gxh4 25. Rxe6 Rxe6 26. Qg6+ Qg7 27. Qxe6+ Kh8 28. Re1 Bb6 29. Bxb7 Qxb7 30. Qxh6+ Kg8 31. Qxh4 Bd8 32. Qg4+ Qg7 33. Qxf4 Bf6 34. h4 Rd8 35. g3 Kh8 36. Re6 Bxc3 37. Rh6+ Kg8 38. h5 1-0


[Site "https://www.chess.com"]